 Dungeon Crawl Stone Soup version 0.30-b1-2-g02819fbbbe (webtiles) character file.

Game seed: 10767138935414296471

2 sking99 the Covered (level 1, 0/19 HPs)
             Began as an Armataur Fighter on June 27, 2023.
             Slain by a kobold
             ... wielding a +0 club
              (1 damage)
             ... on level 1 of the Dungeon.
             The game lasted 00:01:11 (102 turns).

sking99 the Covered (Armataur Fighter)               Turns: 102, Time: 00:01:12

Health: 0/19       AC:  6    Str: 21    XL:     1   Next: 25%
Magic:  1/1        EV:  6    Int:  8    God:
Gold:   16         SH:  7    Dex:  9    Spells: 0/0 levels left

rFire   . . .        a - +0 rapier
rCold   . . .        e - +0 kite shield
rNeg    . . .        b - +0 scale mail
rPois   .            (no helmet)
rElec   .            (no cloak)
rCorr   .            (no gloves)
SInv    .            (no barding)
Will    .....        (no amulet) Stlth
                     (no ring)
HPRegen 0.23/turn    (no ring)
MPRegen 0.07/turn

%: roll
@: no status effects
A: large, rugged brown scales 3, deformed body, armoured tail, roll, long
tongue, awkward tongue
a: no special abilities


You were on level 1 of the Dungeon.
You visited 1 branch of the dungeon, and saw 1 of its levels.

You collected 16 gold pieces.

Inventory:

Hand Weapons
 a - a +0 rapier (weapon)
Armour
 b - a +0 scale mail (worn)
 e - a +0 kite shield (worn)
Potions
 d - a potion of might


   Skills:
 + Level 2.7 Fighting
 + Level 1.8 Short Blades
 + Level 3.6 Armour
 + Level 3.3 Shields


You couldn't memorise any spells.
You didn't know any spells.
Your spell library was empty.

Dungeon Overview and Level Annotations

Branches:
Dungeon (1/15)

Altars:


Innate Abilities, Weirdness & Mutations

You are completely covered in rugged brown scales. (AC +3, +7% HP)
Armour fits poorly on your strangely shaped body.
You have a long armoured tail.
You roll when moving toward enemies. (Rampage)
Your long tongue fully drains potion bottles. (2x potion effects)
Your tongue gives you trouble enunciating. (1.5x scroll delay)


Message History

The ball python bites you. The kobold hits you but does no damage.
The hobgoblin hits you. You block the ball python's attack.
The kobold closely misses you. The hobgoblin barely misses you.
The ball python barely misses you. The kobold hits you but does no damage.
The ball python bites you but does no damage.
You block the hobgoblin's attack. You block the ball python's attack.
The kobold hits you with a +0 club.
The hobgoblin hits you but does no damage.
The ball python bites you but does no damage.
The kobold hits you but does no damage. You block the hobgoblin's attack.
The ball python bites you. The kobold hits you with a +0 club.
The hobgoblin completely misses you. You block the ball python's attack.
You block the kobold's attack. The hobgoblin hits you.
You block the ball python's attack. The kobold hits you with a +0 club.
* * * LOW HITPOINT WARNING * * *
You block the ball python's attack. You block the hobgoblin's attack.
You block the ball python's attack. The kobold hits you but does no damage.
You block the hobgoblin's attack. The ball python bites you.
* * * LOW HITPOINT WARNING * * *
The kobold barely misses you.
The hobgoblin hits you but does no damage.
The ball python bites you but does no damage.
The kobold completely misses you. The hobgoblin barely misses you.
You block the ball python's attack. The kobold hits you but does no damage.
The hobgoblin barely misses you. You block the ball python's attack.
The kobold hits you with a +0 club.
* * * LOW HITPOINT WARNING * * *
The ball python bites you but does no damage.
The hobgoblin hits you but does no damage.
You block the ball python's attack. The kobold hits you with a +0 club.
* * * LOW HITPOINT WARNING * * *
The hobgoblin hits you but does no damage.
The ball python bites you but does no damage.
The kobold hits you but does no damage.
The hobgoblin hits you but does no damage.
You block the ball python's attack. The kobold hits you with a +0 club.
You die...

#. ..$.#
#.####....#
#.##.$....
#.##.....
#.##...♣ #.#...♣
♣ #...g.♣..♣
#..)@K..♣
#.##.S......
#.##........
#.#########.
#.........#
#####.....###.#
#.......[....#.#
#.........†....#
#..###.....#.###


You could see a hobgoblin, a ball python and a kobold.

Vanquished Creatures
  A bat (D:1)
  A kobold (D:1)
2 creatures vanquished.

Notes
Turn   | Place    | Note
-------+----------+-------------------------------------------
     0 | D:1      | sking99 the Armataur Fighter began the quest for the Orb.
     0 | D:1      | Reached XP level 1. HP: 19/19 MP: 1/1
   102 | D:1      | Slain by a kobold

Illustrated notes

Levels and vault maps discovered:
D:1:      roderic_dead_forest, layout_basic, chequers_garden, minmay_octomino_e4

Action                     || total
---------------------------++-------
  Melee: Rapier            ||     7
         Tailslap          ||     1
 Armour: Scale mail        ||    30
  Dodge: Dodged            ||    18
  Block: Kite shield       ||    24
